Map: Ciberbosque EE

Players

JustAStar - Winner!

  • Race: Terran Terran
  • League: Diamond
  • Spawn Location: 5:00

Wallgap

  • Race: Zerg Zerg
  • League: Platinum
  • Spawn Location: 11:00

VOD

Have the link to the VOD?

Description

Let your dreams be memes

Time

  • Played on: May 9, 2019, 12:49 a.m.
  • Length: 13:23
Show
View Real Time Build Order
Export as new Build Order

JustAStar Terran - Winner!

Build Orders:  

Get SALT Encoding   

  12  0:01  SCV  
  13  0:13  SCV  
  14  0:20  Supply Depot  
  14  0:25  SCV  
  15  0:42  SCV  
  16  0:43  Barracks  
  16  0:48  Refinery  
  16  0:55  SCV  
  17  1:07  SCV  
  18  1:19  SCV  
  19  1:31  Reaper, SCV  
  21  1:34  Command Center  
  21  1:43  Orbital Command  
  21  1:58  Refinery  
  21  1:59  Supply Depot  
  21  2:14  SCV  
  22  2:22  Supply Depot  
  22  2:26  Barracks Tech Lab  
  22  2:27  Barracks Reactor  
  22  2:31  Factory  
  22  2:34  SCV  
  23  2:47  SCV  
  24  2:54  Refinery  
  24  2:57  Orbital Command  
  24  3:03  SCV  
  25  3:15  SCV  
  25  3:17  Refinery  
  26  3:27  Barracks Reactor, SCV  
  26  3:28  Starport, SCV  
  28  3:37  Widow Mine x2  
  28  3:39  SCV  
  28  3:41  SCV  
  34  3:51  Supply Depot, SCV  
  34  3:53  SCV  
  35  4:00  Widow Mine x2  
  39  4:04  SCV  
  39  4:05  SCV  
  41  4:14  Barracks Tech Lab  
  41  4:15  Medivac x2  
  41  4:16  SCV  
  46  4:17  SCV  
  46  4:21  Widow Mine  
  46  4:22  Widow Mine  
  51  4:28  Supply Depot  
  51  4:30  SCV  
  51  4:31  SCV  
  53  4:42  SCV  
  53  4:43  Command Center, SCV  
  55  4:47  Starport  
  55  4:50  Fusion Core  
  55  5:15  Widow Mine x2  
  55  5:17  SCV x2  
  61  5:36  Widow Mine x2, Starport Tech Lab  
  65  5:43  SCV  
  65  5:44  SCV  
  65  5:46  Barracks Tech Lab  
  67  5:54  Liberator x2  
  67  5:55  SCV  
  67  5:56  Supply Depot x2, SCV  
  69  5:57  Widow Mine  
  69  5:58  Widow Mine, Supply Depot  
  75  6:19  Widow Mine x2  
  79  6:30  Battlecruiser  
  79  6:32  SCV  
  86  6:41  Starport  
  86  6:43  Orbital Command  
  86  6:51  Engineering Bay  
  82  7:34  Battlecruiser  
  82  7:36  Starport Tech Lab  
  88  7:41  Orbital Command  
  84  8:01  Hellion x2  
  84  8:05  Factory, Liberator  
  88  8:09  Factory  
  88  8:11  SCV  
  88  8:12  SCV x2  
  88  8:23  Hellion x2  
  88  8:24  SCV  
  96  8:33  SCV x2  
  95  8:38  Battlecruiser  
  95  8:40  Refinery  
  95  8:41  Refinery  
  101  8:44  Hellion x2  
  101  8:46  Supply Depot  
  105  8:51  Factory  
  105  9:00  SCV x3  
  108  9:05  Factory Reactor x2  
  108  9:08  Hellion, Factory Tech Lab, Battlecruiser, Supply Depot  
  116  9:10  Supply Depot  
  116  9:12  Supply Depot, SCV  
  117  9:24  Supply Depot  
  117  9:25  Supply Depot  
  117  9:26  Supply Depot  
  117  9:27  Supply Depot  
  117  9:29  SCV x3  
  117  9:30  Hellion  
  122  9:31  Supply Depot  
  122  9:33  Supply Depot  
  122  9:36  Supply Depot  
  122  9:37  Armory x2  
  122  9:41  SCV x2, Factory Reactor  
  122  9:43  Battlecruiser  
  134  9:45  Widow Mine  
  134  9:46  Widow Mine x3  
  134  9:48  SCV  
  134  9:51  Widow Mine  
  134  9:52  Command Center  
  141  9:53  SCV  
  142  10:12  Battlecruiser, SCV  
  142  10:13  SCV  
  140  10:36  Widow Mine x4  
  144  10:47  Battlecruiser  
  140  10:57  Widow Mine x5  
  140  11:01  Terran Vehicle And Ship Armor Level 1  
  146  11:04  Terran Ship Weapons Level 1  
  146  11:11  SCV x2  
  146  11:12  Orbital Command  
  146  11:16  Battlecruiser  
  154  11:20  Drilling Claws  
  154  11:25  SCV x2  
  156  11:27  Weapon Refit  
  156  11:46  Widow Mine x2  
  156  11:47  Widow Mine x3  
  166  11:51  Battlecruiser  
  166  11:52  Hellion x2  
  176  11:59  SCV x2  
  178  12:03  Missile Turret  
  178  12:04  Missile Turret  
  178  12:05  Orbital Command, Missile Turret  
  178  12:07  Missile Turret  
  178  12:08  Hellion x3  
  184  12:09  Missile Turret x2  
  180  12:50  Refinery  
  186  12:56  Refinery  
  189  13:02  Missile Turret x2  
  189  13:04  Missile Turret x2  
  188  13:22  Missile Turret  
Show
View Real Time Build Order
Export as new Build Order

Wallgap Zerg 

Build Orders: Hatch First 

Get SALT Encoding   

  12  0:03  Drone  
  13  0:13  Overlord  
  13  0:17  Drone  
  14  0:31  Drone x2  
  16  0:50  Hatchery  
  16  0:54  Drone  
  16  0:57  Drone  
  17  1:01  Drone  
  18  1:11  Extractor  
  17  1:18  Spawning Pool  
  16  1:25  Drone x2  
  18  1:29  Drone  
  19  1:44  Drone  
  20  1:53  Overlord  
  20  2:04  Queen  
  20  2:05  Queen  
  20  2:06  Zergling x4  
  26  2:25  Metabolic Boost  
  26  2:27  Overlord  
  26  2:28  Drone x2  
  26  2:29  Drone  
  29  2:51  Queen  
  31  2:52  Drone x4  
  31  2:56  Overlord  
  35  3:02  Pneumatized Carapace  
  35  3:04  Extractor  
  34  3:13  Drone x2  
  34  3:14  Drone  
  34  3:18  Drone x2  
  34  3:19  Drone  
  40  3:36  Drone x2  
  40  3:37  Baneling Nest, Drone x4  
  45  3:55  Hatchery  
  45  4:02  Drone  
  45  4:03  Drone x4  
  45  4:05  Extractor  
  45  4:07  Extractor  
  47  4:11  Evolution Chamber  
  47  4:12  Drone x2  
  47  4:13  Evolution Chamber  
  47  4:22  Zergling x10  
  52  4:36  Overlord x4  
  52  4:44  Roach Warren  
  51  4:54  Drone x3  
  51  4:55  Drone x2  
  56  5:00  Lair  
  56  5:21  Queen  
  56  5:25  Zerg Ground Armor Level 1, Zerg Melee Weapons Level 1  
  58  5:29  Drone  
  59  5:40  Spore Crawler  
  58  5:44  Spore Crawler  
  58  5:46  Spine Crawler  
  55  6:13  Drone  
  55  6:14  Drone x12  
  68  6:19  Spore Crawler  
  68  6:21  Drone x2  
  67  6:35  Roach  
  67  6:36  Roach x5  
  79  6:57  Roach  
  79  6:58  Roach x4  
  89  7:01  Centrifical Hooks  
  89  7:04  Overlord x5  
  89  7:13  Extractor  
  89  7:14  Extractor  
  89  7:15  Spine Crawler  
  86  7:16  Spine Crawler  
  86  7:17  Spore Crawler  
  86  7:19  Zerg Missile Weapons Level 1  
  86  7:22  Overseer  
  84  7:33  Queen  
  84  7:36  Spine Crawler  
  83  7:57  Ravager  
  83  7:58  Queen, Ravager x8  
  86  8:03  Drone x4  
  86  8:04  Drone x8  
  93  8:38  Drone x2  
  93  8:39  Drone  
  93  8:40  Drone x2  
  98  8:55  Roach x6, Hatchery  
  110  8:56  Roach x5  
  110  9:01  Spire  
  110  9:02  Drone  
  119  9:05  Overseer  
  119  9:14  Overseer  
  119  9:17  Baneling x5  
  119  9:19  Zergling x2  
  119  9:20  Zergling x12  
  126  9:25  Zerg Ground Armor Level 2, Zerg Melee Weapons Level 2  
  126  9:28  Overseer  
  126  9:29  Overseer  
  126  10:01  Baneling  
  126  10:02  Baneling x13  
  126  10:04  Roach  
  126  10:07  Overlord x7  
  128  10:08  Overlord x4  
  128  10:16  Hatchery  
  128  10:18  Infestation Pit, Drone x4  
  114  10:57  Corruptor  
  114  10:58  Corruptor x15  
  134  11:09  Drone  
  134  11:10  Drone x5  
  127  11:19  Zerg Flyer Weapons Level 1  
  125  11:39  Drone x2  
  121  11:40  Drone x8  
  121  11:41  Queen  
  129  11:50  Hatchery  
  128  12:02  Hatchery  
  128  12:04  Extractor x2  
  125  12:14  Corruptor  
  125  12:15  Corruptor x8  
  133  12:17  Queen  
  145  12:26  Hydralisk Den  
  144  12:36  Drone x3  
  142  12:55  Spore Crawler  
  142  12:56  Spore Crawler  
Tags
 
Add a new tag
Caveats
  • Supply blocks, unpowered buildings, or Contaminate may cause inaccurate times.
  • Supply counts are checked every 10 seconds.